 Dungeon Crawl Stone Soup version 0.31.0-7-gf635a9b802 (webtiles) character file.

Game seed: 10486909957553508095

26148 Goncyn the Fighter (level 12, -7/109 (116) HPs)
             Began as a Minotaur Berserker on Jan 23, 2024.
             Was a High Priest of Trog.
             Mangled by a komodo dragon (18 damage)
             ... on level 3 of the Lair of Beasts on Jan 24, 2024.
             The game lasted 01:12:42 (15340 turns).

Goncyn the Fighter (Minotaur Berserker)            Turns: 15340, Time: 01:12:44

HP:   -7/109 (116)  AC: 21    Str: 24    XL:     12   Next: 95%
MP:   11/11         EV:  8    Int:  4    God:    Trog [*****.]
Gold: 736           SH: 11    Dex: 13    Spells: 11/11 levels left

rFire   . . .        a - +0 broad axe
rCold   . . .        F - +0 kite shield
rNeg    . . .        K - +0 plate armour
rPois   .            O - +2 hat
rElec   .            I - +0 cloak
rCorr   .            o - +0 pair of gloves
SInv    .            (no boots)
Will    +....        (no amulet) Stlth
                     A - ring of willpower
HPRegen 0.38/turn    (no ring)
MPRegen 0.12/turn

%: no passive effects
@: on berserk cooldown, slowed, drained, very slow
A: horns 2, retaliatory headbutt, no potion heal 1
a: Renounce Religion, Berserk, Trog's Hand, Brothers in Arms


You were on level 3 of the Lair of Beasts.
You worshipped Trog.
Trog was extremely pleased with you.
You visited 3 branches of the dungeon, and saw 15 of its levels.
You also visited: Ossuary.

You collected 825 gold pieces.
You spent 89 gold pieces at shops.

Inventory:

Hand Weapons
 a - a +0 broad axe (weapon)
 c - a +2 whip of flaming
Missiles
 b - 32 poisoned darts
 x - a throwing net
 D - 7 boomerangs (quivered)
 H - 3 curare-tipped darts
Armour
 o - a +0 pair of gloves (worn)
 F - a +0 kite shield (worn)
 I - a +0 cloak (worn)
 K - a +0 plate armour (worn)
 O - a +2 hat (worn)
Jewellery
 A - a ring of willpower (left hand)
Wands
 G - a wand of polymorph (9)
 J - a wand of digging (5)
 M - a wand of quicksilver (10)
 P - a wand of flame (10)
 Q - a wand of charming (4)
 R - a wand of iceblast (3)
Scrolls
 d - 9 scrolls of noise
 e - a scroll of brand weapon {unknown}
 h - 2 scrolls of enchant weapon {unknown}
 i - 3 scrolls of vulnerability {unknown}
 j - 3 scrolls of poison
 k - 4 scrolls of fog
 l - 2 scrolls of fear
 p - 7 scrolls of teleportation
 q - 3 scrolls of enchant armour
 t - 3 scrolls of blinking
 w - 6 scrolls of revelation
 y - a scroll of acquirement {unknown}
 B - a scroll of amnesia {unknown}
 C - a scroll of torment {unknown}
 N - a scroll of silence {unknown}
Potions
 f - 8 potions of curing
 g - 2 potions of cancellation
 m - 2 potions of mutation {unknown}
 n - 2 potions of enlightenment
 r - 2 potions of heal wounds
 s - 2 potions of attraction {unknown}
 u - 3 potions of lignification {unknown}
 v - a potion of ambrosia {unknown}
 z - a potion of might {unknown}
 E - 3 potions of berserk rage
 L - 2 potions of haste {unknown}


   Skills:
 * Level 13.8 Fighting
 * Level 13.7 Axes
 + Level 6.4 Throwing
 * Level 13.4 Armour
 - Level 2.8 Dodging
 * Level 10.2 Shields


You had 11 spell levels left.
You didn't know any spells.
Your spell library was empty.

Dungeon Overview and Level Annotations

Branches:
Dungeon (11/15)            Temple (1/1) D:4            Lair (3/5) D:11
  Swamp (0/4) Lair:2       Spider (0/4) Lair:3      Ossuary (visited)
    Orc: D:9-12

Altars:
Ashenzari
Cheibriados
Dithmenos
Elyvilon
Fedhas
Gozag
Hepliaklqana
Kikubaaqudgha
Makhleb
Nemelex Xobeh
Okawaru
Qazlal
Ru
Sif Muna
Trog
Uskayaw
Vehumet
Wu Jian
Xom
Yredelemnul
Zin
The Shining One

Shops:
D:9 :   D:10 **


Innate Abilities, Weirdness & Mutations

You have a pair of horns on your head.
You reflexively headbutt those who attack you in melee.
Potions are less effective at restoring your health.


Message History

You feel as though you will be slow longer.
The wraith hits you.
* * * LOW HITPOINT WARNING * * *
You are too berserk!
You slice the wraith!!
You feel the power of Trog in you as your rage grows.
You destroy the wraith!
Trog accepts your kill.
You slash the wraith!
You feel the power of Trog in you as your rage grows.
You destroy the wraith!
Trog accepts your kill.
The centaur shoots an arrow.
You block the arrow.
A komodo dragon comes into view.
The komodo dragon hisses angrily.
The centaur shoots an arrow.
The arrow hits you.
* * * LOW HITPOINT WARNING * * *
You feel a strong urge to attack something.
The centaur shoots an arrow.
The arrow closely misses you.
The centaur shoots an arrow.
You block the arrow.
The centaur unwields a +0 orcbow.
You block the centaur's attack. x2
A centaur comes into view.
You hit the centaur.
The centaur is lightly wounded.
The centaur misses you. You block the centaur's attack.
The centaur barely misses you. The centaur closely misses you.
You slice the centaur!!
You kill the centaur!
Trog accepts your kill.
The centaur wields a +0 shortbow.
The centaur shoots an arrow.
You block the arrow. The komodo dragon bites you!!
* * * LOW HITPOINT WARNING * * *
You slash the komodo dragon! Your headbutt misses the komodo dragon.
The komodo dragon is moderately wounded.
You are no longer berserk.
You are exhausted.
You feel as though you will be slow longer.
The komodo dragon bites you!!
You die...

..............
≈~.....P.(............
≈.......P............
c....((.............
....(P(............
...(.(.....P#....#
............##..#.
###).........#....#
##.@.........#......
######...l........#......
............#.....#.....#
.....#.#.....#....##....#
.....####P.##)....P#.#.##
...................#.#.P
. ......................
......................
....................


You could see a komodo dragon.

Vanquished Creatures
  Josephine (Lair:3)
  2 hydras (Lair:2)
  A centaur warrior (D:11)
  2 boulder beetles
  4 two-headed ogres
  5 death yaks (Lair:1)
  Amaemon (Lair:2)
  A skyshark (Lair:3)
  3 bog bodies (Lair:2)
  A wolf spider (D:11)
  A cyclops (D:11)
  An orange demon (Lair:2)
  4 kobold demonologists
  2 komodo dragons
  3 trolls
  A polar bear (Lair:2)
  A hornet (Lair:2)
  4 blink frogs (Lair:2)
  23 yaks
  5 wraiths (Lair:3)
  A vampire (D:9)
  A wyvern (D:7)
  A warg (D:11)
  A basilisk (Lair:1)
  Menkaure (D:7)
  2 acid dragons
  8 water moccasins
  An orc warrior (D:8)
  An ice beast (D:7)
  A sky beast (D:8)
  2 ogres
  8 wolves
  6 centaurs
  5 kobold brigands
  7 bullfrogs
  8 scorpions
  6 water moccasin zombies (Ossuary)
  8 wights
  A burial acolyte (Ossuary)
  5 killer bees
  2 electric eels
  A bombardier beetle (D:5)
  2 jellies (D:7)
  5 orc priests
  4 hounds
  A spectral scorpion (Ossuary)
  Jessica (D:2)
  2 iguanas
  5 orc wizards
  A bullfrog simulacrum (Ossuary)
  2 mummies (Ossuary)
  A gnoll (D:3)
  6 adders
  4 white imps
  2 ufetubi (D:7)
  A dart slug (D:4)
  4 ribbon worms
  19 orcs
  4 endoplasms
  A giant cockroach (D:1)
  12 gnoll zombies (Ossuary)
  7 goblins
  8 hobgoblins
  A quokka (D:3)
  5 ball pythons
  6 bats
  3 frilled lizards
  5 jackal zombies (Ossuary)
  18 kobolds
  A quokka zombie (D:4)
  4 rats
  A rat zombie (D:4)
279 creatures vanquished.

Notes
Turn   | Place    | Note
-------+----------+-------------------------------------------
     0 | D:1      | Goncyn the Minotaur Berserker began the quest for the Orb.
     0 | D:1      | Reached XP level 1. HP: 19/19 MP: 0/0
   296 | D:1      | Reached XP level 2. HP: 26/27 MP: 1/1
   769 | D:2      | Noticed Jessica
   774 | D:2      | Killed Jessica
   775 | D:2      | Reached XP level 3. HP: 33/33 MP: 2/2
  1075 | D:2      | Reached ** piety under Trog
  1165 | D:2      | Reached XP level 4. HP: 32/41 MP: 3/3
  1683 | D:2      | Found a faded altar of an unknown god.
  1822 | D:3      | Noticed a scorpion
  1829 | D:3      | Killed a scorpion
  1830 | D:3      | Reached XP level 5. HP: 47/47 MP: 4/4
  2182 | D:3      | Reached skill level 5 in Axes
  2272 | D:3      | Reached skill level 5 in Fighting
  2949 | D:4      | Reached XP level 6. HP: 56/56 MP: 5/5
  2997 | D:4      | Found a sand-covered staircase.
  3022 | Ossuary  | Entered an ossuary
  3079 | Ossuary  | Reached skill level 5 in Armour
  3179 | Ossuary  | Reached XP level 7. HP: 50/63 MP: 6/6
  3182 | Ossuary  | Reached *** piety under Trog
  3508 | D:4      | You fall into a shaft and drop 3 floors!
  3510 | D:7      | Noticed a two-headed ogre
  3518 | D:7      | Killed a two-headed ogre
  3519 | D:7      | Reached XP level 8. HP: 74/74 MP: 7/7
  3615 | D:5      | Entered Level 5 of the Dungeon
  4136 | D:4      | Found a staircase to the Ecumenical Temple.
  4147 | Temple   | Entered the Ecumenical Temple
  4700 | D:5      | Reached XP level 9. HP: 77/82 MP: 8/8
  5195 | D:6      | Noticed a two-headed ogre
  5210 | D:6      | Killed a two-headed ogre
  5211 | D:6      | Reached skill level 1 in Throwing
  5603 | D:6      | Reached skill level 1 in Shields
  5634 | D:6      | Found a sparkling altar of Nemelex Xobeh.
  6282 | D:7      | Found a shimmering altar of Xom.
  6282 | D:7      | Noticed Menkaure
  6297 | D:7      | Killed Menkaure
  6298 | D:7      | Reached skill level 10 in Fighting
  6350 | D:7      | Reached skill level 10 in Axes
  6494 | D:7      | Reached **** piety under Trog
  6619 | D:7      | Reached XP level 10. HP: 77/93 MP: 9/9
  7490 | D:8      | Found a blossoming altar of Fedhas.
  7929 | D:8      | Reached skill level 10 in Armour
  8384 | D:9      | Noticed a two-headed ogre
  8392 | D:9      | Killed a two-headed ogre
  9120 | D:9      | Found Febotobb's Book Emporium.
  9139 | D:9      | Reached skill level 5 in Shields
  9748 | D:10     | Entered Level 10 of the Dungeon
  9749 | D:10     | Found a broken altar of Ashenzari.
  9780 | D:10     | Identified the +9 orcbow "Tacel" {speed, rPois Dex+6}
  9899 | D:10     | Found Onoruk's Assorted Antiques.
  9906 | D:10     | Bought a fuming inky potion for 27 gold pieces
  9906 | D:10     | Bought a scroll of identify for 62 gold pieces
  9937 | D:10     | Noticed a soul eater
 10012 | D:10     | Gained mutation: Potions are less effective at restoring
                  | your health. [a neqoxec]
 10018 | D:10     | Reached XP level 11. HP: 68/102 MP: 10/10
 10159 | D:10     | Found Zin's Purification Station.
 10164 | D:10     | Found a glowing silver altar of Zin.
 10889 | D:11     | Noticed a boulder beetle
 10889 | D:11     | Noticed a wolf spider
 10905 | D:11     | Killed a wolf spider
 10908 | D:11     | Killed a boulder beetle
 11098 | D:11     | Noticed a sun demon
 11371 | D:11     | Found a staircase to the Lair.
 11820 | D:11     | Noticed a two-headed ogre
 11831 | D:11     | Killed a two-headed ogre
 11991 | D:11     | Noticed a centaur warrior
 12004 | D:11     | Killed a centaur warrior
 12454 | Lair:1   | Entered Level 1 of the Lair of Beasts
 12454 | Lair:1   | Noticed a boulder beetle
 12467 | Lair:1   | Killed a boulder beetle
 12468 | Lair:1   | Reached skill level 5 in Throwing
 12520 | Lair:1   | Noticed a death yak
 13114 | Lair:1   | Noticed a death yak
 13121 | Lair:1   | Noticed a death yak
 13121 | Lair:1   | Noticed a death yak
 13121 | Lair:1   | Noticed a death yak
 13170 | Lair:1   | Killed a death yak
 13183 | Lair:1   | Killed a death yak
 13184 | Lair:1   | Reached XP level 12. HP: 113/113 MP: 11/11
 13198 | Lair:1   | Killed a death yak
 13200 | Lair:1   | HP: 3/113 [death yak (19)]
 13209 | Lair:1   | Killed a death yak
 13219 | Lair:1   | Killed a death yak
 13943 | Lair:2   | Noticed Amaemon
 13986 | Lair:2   | Noticed a four-headed hydra
 14000 | Lair:2   | Killed a four-headed hydra
 14399 | Lair:2   | Reached ***** piety under Trog
 14518 | Lair:2   | Noticed a five-headed hydra
 14532 | Lair:2   | Killed a five-headed hydra
 14602 | Lair:2   | Killed Amaemon
 14974 | Lair:2   | Found a staircase to the Swamp.
 15132 | Lair:3   | Reached skill level 10 in Shields
 15190 | Lair:3   | Found a hole to the Spider Nest.
 15294 | Lair:3   | Noticed Josephine
 15325 | Lair:3   | Killed Josephine
 15340 | Lair:3   | Mangled by a komodo dragon

Illustrated notes

Levels and vault maps discovered:
D:1:      heliophobic_arrival_glass_houses, layout_basic, minmay_bisected
D:2:      layout_loops_corners, basic_ecumenical_altar, uniq_jessica
D:3:      layout_basic, corexii_item_surrounded_by_moat, minmay_misc_feat_x,
          cheibrodos_gnoll_hut
D:4:      layout_loops_ring, minmay_temple_entry_poolview, enter_ossuary_4
D:5:      layout_layer_cave
D:6:      layout_rooms, nemelex_spade_bored_becter, serial_bayou_lagoon_a,
          roderic_lattice_a
D:7:      layout_cave_pools, dk_xom_monty_hall, st_stairs_6, uniq_menkaure
D:8:      layout_basic, fedhas_altar_3
D:9:      nicolae_BIG_FREAKIN_CUBE, layout_basic, serial_shops, shop,
          fountainhead, kennysheep_generic_room_8
D:10:     layout_gridville, zin_purify, ashenzari_conservatory_becter,
          serial_shops, shop
D:11:     layout_irregular_city, erik_lair_orcish_takeover, minivault_20
Temple:   nicolae_temple_bog_church
Lair:1:   layout_gridlike, nicolae_lair_grazing_beasts
          [nicolae_sub_lair_graze_edge, nicolae_sub_lair_graze_edge,
          nicolae_sub_lair_graze_edge, nicolae_sub_lair_graze_edge]
Lair:2:   layout_cave_shapes, nicolae_swamp_entry_splash_gauntlet, uniq_amaemon
Lair:3:   layout_regular_city, nicolae_spider_entry_tight_spaces,
          serial_bayou_pond_a, lemuel_centaur_altar, lemuel_fruit_fields,
          lemuel_fruit_tree, uniq_josephine

Skill      XL: |  1  2  3  4  5  6  7  8  9 10 11 12 |
---------------+-------------------------------------+-----
Fighting       | 4 5 6 8 10 11 12 13 | 13.8
Axes           | 4 5 6 8 10 11 12 13 | 13.7
Armour         | 3 4 5 7 8 9 10 12 13 | 13.4
Throwing       | 2 4 5 6 |  6.4
Shields        | 3 6 8 10 | 10.2
Dodging        | |  2.8

Action                     |  1- 3 |  4- 6 |  7- 9 | 10-12 || total
---------------------------+-------+-------+-------+-------++-------
  Melee: Hand axe          |    60 |   162 |   239 |   127 ||   588
         Headbutt          |    11 |    34 |    56 |   176 ||   277
         War axe           |       |       |       |   545 ||   545
         Broad axe         |       |       |       |    37 ||    37
         Whip              |       |       |       |    16 ||    16
  Throw: Boomerang         |       |       |       |    47 ||    47
         Dart              |       |       |       |    55 ||    55
 Invoke: Berserk           |     1 |     1 |     3 |     9 ||    14
         Trog's Hand       |       |       |       |     1 ||     1
    Use: Scroll            |       |     4 |     2 |     9 ||    15
         Potion            |       |       |       |     3 ||     3
 Armour: Ring mail         |    23 |    87 |    43 |       ||   153
         Animal skin       |     1 |       |       |       ||     1
         Scale mail        |       |       |    73 |       ||    73
         Chain mail        |       |       |    27 |    51 ||    78
         Plate armour      |       |       |       |   481 ||   481
  Dodge: Dodged            |    28 |    67 |   105 |   158 ||   358
  Block: Kite shield       |       |       |    26 |   315 ||   341
